 Dungeon Crawl Stone Soup version 0.26.1-11-gd32895ea62 (webtiles) character file.

Game seed: 5692747708483000074

167 Felido the Insei (level 5, 0/44 HPs)
             Began as a Naga Transmuter on June 27, 2021.
             Slain by Grinder (4 damage)
             ... on level 3 of the Dungeon.
             The game lasted 00:05:19 (2700 turns).

Felido the Insei (Naga Transmuter)                  Turns: 2700, Time: 00:05:20

Health: 0/44       AC:  4    Str: 12    XL:     5   Next: 48%
Magic:  6/9        EV: 10    Int: 14    God:
Gold:   166        SH:  0    Dex: 12    Spells: 6/9 levels left

rFire    . . .     SeeInvis +   h - +2 long sword (distort)
rCold    . . .     Faith    .   (no shield)
rNeg     . . .     Spirit   .   a - +0 robe
rPois    +         Reflect  .   (no helmet)
rElec    .         Harm     .   b - +1 cloak
rCorr    .         Rampage  .   (no gloves)
Will     .....                  (no barding)
Stlth    ++........             (no amulet)
HPRegen  0.14/turn              (no ring)
MPRegen  0.11/turn              (no ring)

@: about to teleport, wereblooded, very slow
A: large, see invisible, deformed body, poison resistance, slowness 2, spit
poison 1, AC +1
a: Spit Poison


You were on level 3 of the Dungeon.
You visited 1 branch of the dungeon, and saw 3 of its levels.

You collected 166 gold pieces.

Inventory:

Hand Weapons
 h - a +2 long sword of distortion (weapon)
 m - a +1 short sword of draining
Armour
 a - a +0 robe (worn)
 b - a +1 cloak (worn)
Scrolls
 c - 2 scrolls of immolation
 d - 4 scrolls of enchant armour
 e - 2 scrolls of identify
 k - a scroll of fog
 l - a scroll of remove curse {unknown}
Potions
 f - a potion of flight
 i - a potion of attraction {unknown}


   Skills:
 + Level 1.4 Fighting
 + Level 2.0 Long Blades
 + Level 2.0 Dodging
 + Level 2.5 Stealth
 + Level 3.5 Unarmed Combat
 + Level 2.9 Spellcasting
 + Level 2.7 Transmutations


You had 6 spell levels left.
You knew the following spells:

 Your Spells              Type           Power        Failure   Level
a - Beastly Appendage     Tmut           18%          7%          1
b - Wereblood             Tmut           9%           11%         2

Your spell library contained the following spells:

 Spells                   Type           Power        Failure   Level
 Spider Form              Tmut/Pois      2%           36%         3
 Ice Form                 Ice/Tmut       5%           77%         4
 Blade Hands              Tmut           4%           89%         5


Dungeon Overview and Level Annotations

Branches:
Dungeon (3/15)

Altars:

Annotations:
D:3 Grinder


Innate Abilities, Weirdness & Mutations

You cannot wear boots.
Your serpentine skin is tough. (AC +1)
You have supernaturally acute eyesight. (SInv)
Armour fits poorly on your strangely shaped body.
Your system is resistant to poisons. (rPois)
You cover ground very slowly.
You can spit poison.


Message History

* * * LOW HITPOINT WARNING * * *
You howl as the wereblood boils in your veins!
Your horns disappear.
Grinder hits you but does no damage.
Found 25 sling bullets and a glowing sapphire potion.
You barely miss Grinder. Grinder gestures at you. You resist with some effort.
Really read the scroll of immolation?
Okay, then.
You closely miss Grinder. Grinder barely misses you.
You riposte.
You barely miss Grinder. You closely miss the goblin.
Grinder hits you but does no damage. The goblin misses you.
Grinder barely misses you.
As you read the scroll of teleportation, it crumbles to dust.
You feel strangely unstable. The goblin closely misses you.
You riposte.
You miss the goblin. Grinder hits you.
* * * LOW HITPOINT WARNING * * *
You writhe in agony.
You die...

## ##.....#
#...#......#
..#.#......###
....?...>....
...........#
.......!...#
#....††<..#
#.....(#####
....#.>.K5@.#
#...>....##g#
#..##.#.. ...
#.
....#####...
#...... .....
...#... (..!
##..##. ...
##. ## ...


You could see Grinder, a goblin and a kobold.

Vanquished Creatures
  Purgy (D:3)
  3 adders
  An ooze (D:2)
  A worm (D:2)
  A dart slug (D:2)
  3 giant cockroaches
  7 goblins
  2 hobgoblins (D:2)
  A quokka (D:2)
  6 bats
  3 frilled lizards
  3 kobolds
  3 rats
35 creatures vanquished.

Notes
Turn   | Place    | Note
-------+----------+-------------------------------------------
     0 | D:1      | Felido the Naga Transmuter began the quest for the Orb.
     0 | D:1      | Reached XP level 1. HP: 18/18 MP: 3/3
   684 | D:1      | Reached XP level 2. HP: 24/25 MP: 5/5
   687 | D:1      | Learned a level 2 spell: Wereblood
  1754 | D:2      | Reached XP level 3. HP: 31/31 MP: 6/6
  2661 | D:2      | Reached XP level 4. HP: 34/35 MP: 7/7
  2683 | D:3      | Noticed Purgy
  2683 | D:3      | Noticed Grinder
  2690 | D:3      | Reached skill level 1 in Stealth
  2691 | D:3      | Killed Purgy
  2692 | D:3      | Reached skill level 1 in Long Blades
  2692 | D:3      | Reached XP level 5. HP: 15/44 MP: 5/9
  2692 | D:3      | HP: 2/44 [Grinder (4)]
  2700 | D:3      | Slain by Grinder

Illustrated notes

Levels and vault maps discovered:
D:1:      heliophobic_arrival_battle_scene, layout_basic,
          corexii_item_surrounded_by_moat, eino_curves_04
D:2:      layout_basic
D:3:      layout_rooms, uniq_purgy, uniq_ijyb, uniq_grinder

Skill      XL: |  1  2  3  4  5 |
---------------+----------------+-----
Stealth        | 2 |  2.5
Long Blades    | 1 2 |  2.0
Dodging        | 2 |  2.0
Fighting       | |  1.4
Unarmed Combat | |  3.5
Spellcasting   | |  2.9
Transmutations | |  2.7

Action                   |  1- 3 |  4- 6 || total
-------------------------+-------+-------++-------
Melee: Unarmed           |    34 |       ||    34
       Long sword        |    31 |     8 ||    39
       Headbutt          |     1 |     3 ||     4
       Punch             |     1 |       ||     1
 Cast: Beastly Appendage |    14 |     1 ||    15
       Wereblood         |       |     1 ||     1
  Use: Scroll            |     7 |     1 ||     8
       Potion            |     1 |     1 ||     2
 Stab: Sleeping          |     1 |       ||     1
Armor: Robe              |    25 |     8 ||    33
Dodge: Dodged            |    41 |    19 ||    60
       Rpst.: Long sword |     6 |     6 ||    12
